 Seeded DCSS version 0.31.0-32-g396128a36d (webtiles) character file.

Game seed: 8781537226982829349 (custom seed)

635 CInkIbrahim the Skirmisher (level 7, -2/50 HPs)
             Began as a Demonspawn Hunter on Mar 20, 2024.
             Was an Initiate of Hepliaklqana.
             Succumbed to an orc wizard's poison
             ... on level 4 of the Dungeon.
             The game lasted 00:06:47 (3206 turns).

CInkIbrahim the Skirmisher (Demonspawn Hunter)      Turns: 3206, Time: 00:06:47

Health: -2/50      AC:  7    Str: 11    XL:     7   Next: 25%
Magic:  6/7        EV: 12    Int: 12    God:    Hepliaklqana [......]
Gold:   225        SH:  0    Dex: 18    Spells: 6/6 levels left

rFire   . . .        b - +1 sling (heavy)
rCold   . . .        (no shield)
rNeg    . . .        l - +1 leather armour of Distant Shores {Will+ Int+2}
rPois   .            r - +0 helmet
rElec   .            (no cloak)
rCorr   .            (no gloves)
SInv    .            (no boots)
Will    +....        q - amulet of regeneration
Stlth   ++           (no ring)
HPRegen 1.08/turn    (no ring)
MPRegen 0.20/turn

%: guardian spirit
@: lethally poisoned (-2 -> -11)
A: slimy green scales 1, powered by pain 1, magic shield, magic regeneration,
weakness stinger 1
a: Renounce Religion


You were on level 4 of the Dungeon.
You worshipped Hepliaklqana.
Hepliaklqana was noncommittal.
You visited 2 branches of the dungeon, and saw 6 of its levels.

You collected 225 gold pieces.

Inventory:

Hand Weapons
 a - a +0 shortbow
 b - a +1 heavy sling (weapon)
Missiles
 e - 11 poisoned darts
 k - 2 throwing nets
Armour
 c - a +0 leather armour
 l - the +1 leather armour of Distant Shores (worn) {Will+ Int+2}
   (You found it on level 4 of the Dungeon)

   Int+2:     It affects your intelligence (+2).
   Will+:     It increases your willpower.
 r - a +0 helmet (worn)
Jewellery
 q - an amulet of regeneration (around neck)
Scrolls
 d - a scroll of immolation
 h - a scroll of teleportation {unknown}
 j - a scroll of butterflies
 m - a scroll of blinking {unknown}
 n - a scroll of enchant weapon {unknown}
 o - a scroll of summoning {unknown}
 s - a scroll of enchant armour {unknown}
Potions
 f - a potion of curing
 g - a potion of enlightenment
 i - a potion of mutation
 p - 2 potions of magic {unknown}


   Skills:
 - Level 2.0 Fighting
 + Level 8.1 Ranged Weapons
 - Level 1.7 Dodging
 - Level 0.8 Stealth


You had 6 spell levels left.
You didn't know any spells.
Your spell library contained the following spells:

 Spells                   Type           Power      Damage    Failure   Level
 Shock                    Conj/Air       0%         1d3       41%         1
 Swiftness                Air            0%         N/A       78%         3
 Airstrike                Air            0%         2d(0-16)  99%         4


Dungeon Overview and Level Annotations

Branches:
Dungeon (5/15)             Temple (1/1) D:4

Altars:
Ashenzari
Cheibriados
Dithmenos
Fedhas
Gozag
Hepliaklqana
Kikubaaqudgha
Makhleb
Ru
Sif Muna
Trog
Uskayaw
Wu Jian
Xom
Yredelemnul

Shops:
D:1 (


Innate Abilities, Weirdness & Mutations

You are partially covered in slimy green scales. (AC +2)
You sometimes gain a little power by taking damage.
When hurt, damage is shared between your health and your magic reserves.
You regenerate magic rapidly.
You have a small tail.


Message History

The orc wizard flickers and vanishes!
Deactivating autopickup; reactivate with Ctrl-A.
There are monsters nearby!
You shoot a sling bullet. The sling bullet hits the orc priest!
You kill the orc priest!
You feel sick. Something hits you but does no damage.
You are more poisoned.
An orc is nearby!
You shoot a sling bullet. The sling bullet hits the orc!
You kill the orc!
You feel very sick. Something hits you but does no damage.
You are more poisoned.
Something hits you.
You are more poisoned.
HP restored.
You feel extremely sick. Something hits you but does no damage.
You are more poisoned.
No target in view!
You feel very sick. Something hits you but does no damage.
You are more poisoned.
No target in view!
You feel extremely sick. Something hits you but does no damage.
You are lethally poisoned!
You are too injured to fight recklessly!
You feel extremely sick.
A magic dart appears from out of thin air!
The magic dart hits you.
* * * LOW HITPOINT WARNING * * *
* * * LOW HITPOINT WARNING * * *
You feel extremely sick.
There is a stone staircase leading up here.
* * * LOW HITPOINT WARNING * * *
You feel very sick.
You climb upwards.
Reactivating autopickup.
You die...

#.#.# ##......#..._.#..♣♣..#
#.#.## ##...#.###.....#..♣♣(..
#.#..# #..#.#.####.####..♣♣..#
#.##.# #.................♣♣...
##.##.#####.................♣♣..#
#..##.##...............♣♣♣♣♣♣♣...
#.###.##.##............♣♣♣♣♣♣♣...
#.# #.##.##......................
#.###.#..÷......@................
...##.#..##.............###...#..
...##)#..##..........#..#...####.
..)##....##.....>....##......##..
......÷.......##########..##....<
...##...#####....## #..###....
.......## #.##..### ##.#....#.
###.#..######.###...## #......#.
..............# ###..####..##.##.


There were no monsters in sight!

Vanquished Creatures
  3 ogres (D:4)
  A scorpion (D:4)
  An orc priest (D:5)
  2 iguanas (D:4)
  8 gnolls
  9 adders
  A white imp (D:3)
  A dart slug (D:4)
  2 ribbon worms
  7 orcs
  4 ball pythons
  10 endoplasms
  6 goblins
  3 hobgoblins
  A jackal (D:1)
  4 quokkas
  5 bats
  2 frilled lizards
  5 kobolds
  5 rats
80 creatures vanquished.

Notes
Turn   | Place    | Note
-------+----------+-------------------------------------------
     0 | D:1      | CInkIbrahim the Demonspawn Hunter began the quest for the
                  | Orb.
     0 | D:1      | Reached XP level 1. HP: 16/16 MP: 1/1
   124 | D:1      | Reached skill level 4 in Ranged Weapons
   138 | D:1      | Gained mutation: You are partially covered in slimy green
                  | scales. (AC +2) [demonic ancestry]
   138 | D:1      | Reached XP level 2. HP: 22/22 MP: 2/2
   343 | D:1      | Found a faded altar of an unknown god.
   451 | D:1      | Gained mutation: You regenerate magic rapidly. [demonic
                  | ancestry]
   451 | D:1      | Reached XP level 3. HP: 27/27 MP: 3/3
   530 | D:1      | Found Ojatacs's Weapon Boutique.
  1231 | D:2      | Reached skill level 5 in Ranged Weapons
  1291 | D:2      | Gained mutation: You have a small tail. [demonic ancestry]
  1291 | D:2      | Reached XP level 4. HP: 33/33 MP: 4/4
  1649 | D:3      | Gained mutation: When hurt, damage is shared between your
                  | health and your magic reserves. [demonic ancestry]
  1649 | D:3      | Reached XP level 5. HP: 38/38 MP: 5/5
  1731 | D:3      | Reached skill level 6 in Ranged Weapons
  2538 | D:4      | Found an ornate altar of the Wu Jian Council.
  2556 | D:4      | Identified the +1 leather armour of Distant Shores {Will+
                  | Int+2}
  2618 | D:4      | Gained mutation: You sometimes gain a little power by
                  | taking damage. [demonic ancestry]
  2618 | D:4      | Reached XP level 6. HP: 9/44 MP: 3/6
  2762 | D:4      | Found a shimmering blue altar of Sif Muna.
  2771 | D:4      | Reached skill level 7 in Ranged Weapons
  2922 | D:4      | Reached XP level 7. HP: 38/50 MP: 7/7
  2944 | D:4      | Reached skill level 8 in Ranged Weapons
  2959 | D:4      | Found a staircase to the Ecumenical Temple.
  2968 | Temple   | Entered the Ecumenical Temple
  2989 | Temple   | Became a worshipper of Hepliaklqana the Forgotten
  3189 | D:5      | Entered Level 5 of the Dungeon
  3205 | D:5      | HP: 1/50 [poisoned by an orc wizard]
  3206 | D:4      | Succumbed to an orc wizard's poison

Illustrated notes

Levels and vault maps discovered:
D:1:      dpeg_arrival_round_a, layout_basic, serial_shops, shop,
          shapermc_ecumenical_altar_notcrosses, minmay_tromino_v4_b
D:2:      layout_loops_ring
D:3:      layout_basic
D:4:      layout_rooms, mainiacjoe_overflow_chevrons,
          chequers_temple_overflow_statue_of_worship, minmay_temple_entry_ruins,
          serial_glass, glass_columns_c, glass_columns_b
D:5:      layout_basic, serial_shops, shop, kennysheep_diamond, minivault_25
Temple:   dpeg_chambers_temple

Skill      XL: |  1  2  3  4  5  6  7 |
---------------+----------------------+-----
Ranged Weapons | 4 5 6 7 8 |  8.1
Fighting       | |  2.0
Dodging        | |  1.7
Stealth        | |  0.8

Action                     |  1- 3 |  4- 6 |  7- 9 || total
---------------------------+-------+-------+-------++-------
   Fire: Shortbow          |    91 |       |       ||    91
         Sling             |    19 |   149 |    14 ||   182
    Use: Scroll            |       |     4 |       ||     4
 Armour: Leather armour    |    30 |    92 |    11 ||   133
  Dodge: Dodged            |    20 |    80 |     6 ||   106
